 Dungeon Crawl Stone Soup version 0.18.1-6-gd335043 (webtiles) character file.

2622 M4edhros the Spear-Bearer (level 9, -27/118 HPs)
             Began as a Minotaur Berserker on May 20, 2016.
             Was a Priest of Trog.
             Annihilated by a very large slime creature (43 damage)
             ... on level 13 of the Dungeon.
             The game lasted 00:13:40 (1929 turns).

M4edhros the Spear-Bearer (Minotaur Berserker)      Turns: 1929, Time: 00:13:41

Health: -27/118    AC:  8    Str: 26    XL:     9   Next: 34%
Magic:  9/9        EV: 20    Int:  9    God:    Trog [***...]
Gold:   348        SH:  0    Dex: 19    Spells: 0 memorised, 8 levels left

rFire  + . .     SeeInvis +     E - +0 broad axe
rCold  . . .     Gourm    .     g - +0 ring mail
rNeg   . . .     Faith    .     (no shield)
rPois  .         Spirit   .     (helmet restricted)
rElec  .         Dismiss  .     (no cloak)
rCorr  .         Reflect  .     p - +0 pair of gloves
SustAt +         Harm     .     (no boots)
MR     .....     Rnd*Rage +     (no amulet)
Stlth  ..........               F - ring of sustain attributes
                                w - ring of see invisible

@: brilliant, agile, berserking, very quick, not resistant to hostile
enchantments, extremely unstealthy
A: retaliatory headbutt, horns 2, yellow scales 1, berserk 1, fire resistance 1
a: Berserk, Trog's Hand, Burn Spellbooks, Renounce Religion


You were on level 13 of the Dungeon.
You worshipped Trog.
Trog was most pleased with you.
You were not hungry.

You visited 1 branch of the dungeon, and saw 13 of its levels.
You also visited: Ossuary.

You collected 348 gold pieces.

Inventory:

Hand Weapons
 a - a +0 hand axe
 h - a +0 short sword of holy wrath
 j - a +0 trident of distortion
 E - a +0 broad axe (weapon)
Missiles
 v - a tomahawk of dispersal (quivered)
Armour
 b - a +0 animal skin
 g - a +0 ring mail (worn)
 p - a +0 pair of gloves (worn)
Rods
 C - a +1 rod of shadows (11/11)
   (You found it on level 9 of the Dungeon)
Jewellery
 w - a ring of see invisible (left hand)
 F - a ring of sustain attributes (right hand)
Wands
 u - a wand of polymorph (15/24)
 x - a wand of disintegration (8/24)
 z - a wand of paralysis (7/24)
Scrolls
 f - 3 scrolls of teleportation {unknown}
 i - 4 scrolls of remove curse
 k - a scroll of random uselessness {unknown}
 l - 3 scrolls of amnesia {unknown}
 m - a scroll of noise {unknown}
 q - a scroll of blinking {unknown}
 D - a scroll of fog {unknown}
Potions
 d - 2 potions of haste
 e - 3 potions of curing
 n - a potion of agility
 r - 2 potions of lignification
 s - 3 potions of degeneration
Books
 y - a book of Beasts

   Spells                             Type                      Level
   a - Summon Butterflies             Summoning                    1
   b - Call Canine Familiar           Summoning                    3
   c - Summon Ice Beast               Ice/Summoning                4
   d - Summon Mana Viper              Hexes/Summoning              5
   e - Summon Hydra                   Summoning                    7
   Trog disapproves of the use of such an item.
 A - a book of the Tempests

   Spells                             Type                      Level
   a - Static Discharge               Conjuration/Air              3
   b - Lightning Bolt                 Conjuration/Air              5
   c - Fireball                       Conjuration/Fire             5
   d - Tornado                        Air                          9
   e - Shatter                        Earth                        9
   Trog disapproves of the use of such an item.
Comestibles
 c - 6 bread rations
 o - a royal jelly
 B - 3 chunks of flesh
 G - a meat ration


   Skills:
 + Level 7.1 Fighting
 + Level 7.4(9.9) Axes
 - Level 10.2(11.1) Polearms
 - Level 2.4 Armour
 + Level 6.0 Dodging
 * Level 1.7 Evocations


You had 8 spell levels left.
You didn't know any spells.

Dungeon Overview and Level Annotations

Branches:
Dungeon (13/15)            Temple (0/1) D:5            Lair (0/8) D:11
    Orc (0/2) D:12
 Vaults: D:13-14

Altars:
Dithmenos
Beogh

Annotations:
D:13 Snorg


Innate Abilities, Weirdness & Mutations

You reflexively headbutt those who attack you in melee.
You have a pair of horns on your head.
You are partially covered in yellow scales (AC +2).
You tend to lose your temper in combat.
Your flesh is heat resistant.


Message History

This wand has 7 charges left.
Snorg is no longer berserk.
You hear a blaring wail to the southwest.
The very large slime creature hits you!!!
* * * LOW HITPOINT WARNING * * *
You hear a shout! x2; You hear a croak.
You hear a shout!
You hear a horrible gurgling sound!
Evoke which item? (* to show all) (? for menu, Esc to quit)
Okay, then.
Drink which item? (? for menu, Esc to quit)
Okay, then.
A red film seems to cover your vision as you go berserk!
You feel yourself moving faster!
You feel mighty!
You feel somewhat more hungry.
The very large slime creature closely misses you.
An orc comes into view. It is wielding a club.
You hit the very large slime creature.
You headbutt the very large slime creature!!
The very large slime creature is severely wounded.
The very large slime creature hits you!!!
You die...

#........_..#
#...........#
............#
...[...FYy..#
........5Y###
$#.....J.HY#
...#######T#
.#. #.# ###
.. #.####@#
#.HYTJ##
#####.#
......#.#
.......#.#
.....$..#.#
####....#.#
.....##o#
###...#..


You could see Snorg, a very large slime creature, a manticore, a yak and an orc.

Vanquished Creatures
  A kobold demonologist (D:11)
  A slime creature (D:13)
  A yak (D:13)
  A wraith (D:11)
  2 phantoms
  2 ice beasts
  An ogre (D:8)
  A crocodile (D:11)
  3 centaurs (D:11)
  A big kobold (D:12)
  4 wights (D:7)
  3 crimson imps
  A centaur skeleton (D:5)
  3 orc priests
  2 orc wizards
  2 worker ants (D:8)
  A big kobold zombie (Ossuary)
  8 mummies (Ossuary)
  5 adders
  2 river rats (D:11)
  2 shadow imps (D:5)
  2 worms
  2 giant geckos
  17 orcs
  11 bats
  4 giant cockroaches
  A goblin (D:1)
  A hobgoblin (D:1)
  3 jackals (D:3)
  6 kobolds
  2 quokkas
  4 giant newts
  A gnoll zombie (Ossuary)
  4 hobgoblin zombies (Ossuary)
  2 kobold zombies (Ossuary)
  11 rats
118 creatures vanquished.

Vanquished Creatures (others)
  A soldier ant (D:11)
  An orc warrior (D:11)
  A centaur (D:11)
  A scorpion (D:5)
  A crimson imp (D:5)
  An orc wizard (D:5)
  A howler monkey zombie (D:7)
  An ooze (D:5)
8 creatures vanquished.

Grand Total: 126 creatures vanquished

Notes
Turn   | Place    | Note
--------------------------------------------------------------
     0 | D:1      | M4edhros the Minotaur Berserker began the quest for the Orb.
     0 | D:1      | Reached XP level 1. HP: 19/19 MP: 0/0
    92 | D:2      | Reached XP level 2. HP: 7/26 MP: 1/1
   362 | D:3      | Reached skill level 5 in Axes
   362 | D:3      | Reached XP level 3. HP: 31/31 MP: 2/2
   366 | D:3      | Reached ** piety under Trog
   560 | D:5      | Entered Level 5 of the Dungeon
   566 | D:5      | Reached skill level 2 in Polearms
   567 | D:5      | Reached XP level 4. HP: 37/39 MP: 3/3
   589 | D:5      | Reached skill level 3 in Polearms
   590 | D:5      | Reached skill level 4 in Polearms
   590 | D:5      | Reached XP level 5. HP: 45/45 MP: 4/4
   606 | D:5      | Found a staircase to the Ecumenical Temple.
   668 | D:5      | Noticed a centaur
   744 | D:5      | Found a sand-covered staircase.
   757 | Ossuary  | Entered an ossuary
   778 | Ossuary  | Reached skill level 5 in Polearms
   832 | Ossuary  | Reached XP level 6. HP: 9/51 MP: 5/5
   866 | Ossuary  | Reached skill level 6 in Polearms
  1074 | D:6      | Gained mutation: You tend to lose your temper in combat. [potion of mutation]
  1074 | D:6      | Gained mutation: You are partially covered in yellow scales (AC +2). [potion of mutation]
  1074 | D:6      | Gained mutation: Your flesh is heat resistant. [potion of mutation]
  1090 | D:6      | Noticed an ice beast
  1101 | D:6      | Killed an ice beast
  1101 | D:6      | Reached skill level 7 in Polearms
  1164 | D:7      | Reached XP level 7. HP: 53/57 MP: 6/6
  1168 | D:7      | Reached skill level 8 in Polearms
  1239 | D:8      | Reached skill level 9 in Polearms
  1354 | D:10     | Entered Level 10 of the Dungeon
  1421 | D:11     | Reached XP level 8. HP: 30/66 MP: 7/7
  1437 | D:11     | Reached skill level 10 in Polearms
  1478 | D:11     | Reached skill level 5 in Fighting
  1503 | D:11     | Reached *** piety under Trog
  1508 | D:11     | Identified a +1 rod of shadows (11/11) (You found it on level 9 of the Dungeon)
  1584 | D:11     | Noticed a kobold demonologist
  1590 | D:11     | Noticed a hellwing
  1594 | D:11     | Killed a kobold demonologist
  1661 | D:11     | Found a staircase to the Lair.
  1663 | D:11     | Reached skill level 5 in Dodging
  1686 | D:11     | Reached XP level 9. HP: 15/78 MP: 8/8
  1764 | D:12     | Found a staircase to the Orcish Mines.
  1776 | D:12     | Found a roughly hewn altar of Beogh.
  1865 | D:13     | Found a shadowy altar of Dithmenos.
  1885 | D:13     | Noticed Snorg
  1886 | D:13     | Reached skill level 1 in Evocations
  1901 | D:13     | Noticed a manticore
  1929 | D:13     | Annihilated by a very large slime creature

Skill      XL: |  1  2  3  4  5  6  7  8  9 |
---------------+----------------------------+-----
Axes           | 4 5 6 7 |  7.4
Polearms       | 2 4 5 7 9 10 | 10.2
Fighting       | 4 6 7 |  7.1
Dodging        | 5 6 |  6.0
Evocations     | 1 |  1.7
Armour         | |  2.4

Action                   |  1- 3 |  4- 6 |  7- 9 || total
-------------------------+-------+-------+-------++-------
Melee: Hand axe          |    44 |       |       ||    44
       Headbutt          |     5 |    11 |    29 ||    45
       Trident           |     9 |    79 |   139 ||   227
       Broad axe         |       |       |    43 ||    43
Invok: Berserk           |     1 |       |     7 ||     8
       Trog's Hand       |       |       |     3 ||     3
Evoke: Wand              |       |       |     5 ||     5
  Use: Potion            |       |     2 |     4 ||     6
       Scroll            |       |     5 |     1 ||     6
 Stab: Paralysed         |       |       |     7 ||     7
  Eat: Chunk             |       |     2 |    10 ||    12
Armor: Animal skin       |     5 |       |       ||     5
       Ring mail         |     7 |    11 |    34 ||    52
       Skin              |       |       |     1 ||     1
Dodge: Dodged            |    32 |    20 |    64 ||   116
